 Dungeon Crawl Stone Soup version 0.29.1-12-g30fa7ad0bf (webtiles) character file.

Game seed: 14375574640566642341

13443 hawla the Gelid (level 12, -1/88 HPs)
             Began as a Meteoran Ice Elementalist on Dec 12, 2022.
             Slain by a death yak (14 damage)
             ... on level 4 of the Lair of Beasts.
             The game lasted 00:28:48 (3405 turns).

hawla the Gelid (Meteoran Ice Elementalist)         Turns: 3405, Time: 00:28:49

Health: -1/88      AC:  6    Str:  8 (9)  XL:     12   Next: 64%
Magic:  9/26       EV: 18    Int: 22      God:
Gold:   521        SH:  0    Dex: 16      Spells: 5/29 levels left

rFire   . . .      SeeInvis .   f - +2 quarterstaff (venom)
rCold   . . .      Faith    .   (shield currently unavailable)
rNeg    . . .      Spirit   .   w - +0 steam dragon scales
rPois   .          Reflect  .   s - +0 helmet
rElec   .          Harm     .   (no cloak)
rCorr   .          Rampage  .   (no gloves)
Will    ++...                   (no boots)
Stlth   +.........              (no amulet)
HPRegen 0.24/turn               r - +4 ring of evasion
MPRegen 0.20/turn               (no ring)

@: glowing
A: sense surroundings 2, otherworldly, glowing, explore regen, deterioration 1,
strong-willed 1
a: no special abilities


You were on level 4 of the Lair of Beasts.
You visited 3 branches of the dungeon, and saw 11 of its levels.
You also visited: Ossuary.

You collected 521 gold pieces.

Inventory:

Hand Weapons
 f - a +2 quarterstaff of venom (weapon)
Armour
 s - a +0 helmet (worn)
 w - +0 steam dragon scales (worn)
Magical Staves
 e - a staff of fire
 i - a staff of poison
 v - a staff of air
Jewellery
 r - a +4 ring of evasion (left hand)
Wands
 h - a wand of roots (4)
Scrolls
 a - a scroll of blinking
 g - 3 scrolls of identify
 l - 4 scrolls of teleportation
 n - 2 scrolls of amnesia
Potions
 b - a potion of magic
 c - 2 potions of brilliance
 d - 2 potions of curing
 j - 3 potions of attraction
 k - 2 potions of resistance
 m - a potion of cancellation
 o - a potion of haste
 q - 2 potions of lignification
 t - 3 potions of might
 z - a potion of mutation


   Skills:
 + Level 2.9 Fighting
 + Level 4.5 Staves
 + Level 4.8 Dodging
 - Level 1.4 Stealth
 + Level 9.3 Spellcasting
 + Level 7.2 Conjurations
 + Level 15.5 Ice Magic
 + Level 7.3 Air Magic
 + Level 2.0 Poison Magic
 + Level 2.0 Evocations


You had 5 spell levels left.
You knew the following spells:

 Your Spells              Type           Power      Damage    Failure   Level
a - Freeze                Ice            100%       1d11      0%          1
b - Frozen Ramparts       Ice            100%       1d16      1%          3
c - Hailstorm             Conj/Ice       56%        3d12      1%          4
d - Freezing Cloud        Conj/Ice/Air   26%        6-21      3%          5
e - Airstrike             Air            21%        2d(3-19)  3%          4
f - Ozocubu's Refrigerat  Ice            34%        4d15      10%         7

Your spell library contained the following spells:

 Spells                   Type           Power      Damage    Failure   Level
 Shock                    Conj/Air       100%       1d9       1%          1
 Mephitic Cloud           Conj/Pois/Air  34%        N/A       1%          3
 Ozocubu's Armour         Ice            68%        N/A       1%          3
 Swiftness                Air            42%        N/A       1%          3
 Lightning Bolt           Conj/Air       21%        1d36      9%          5
 Summon Lightning Spire   Summ/Air       26%        N/A       14%         4
 Ignite Poison            Fire/Tmut/Pois 13%        N/A       16%         3


Dungeon Overview and Level Annotations

Branches:
Dungeon (8/15) Zot: 1931   Temple (1/1) D:7 Zot: 450    Lair (4/5) D:8 Zot: 1189
 Shoals (0/4) Lair:3       Spider (0/4) Lair:2      Ossuary (visited)
  Slime: Lair:4-5

Altars:
Cheibriados
Fedhas
Gozag
Hepliaklqana
Kikubaaqudgha
Nemelex Xobeh
Okawaru
Qazlal
Ru
Sif Muna
Trog
Uskayaw
Wu Jian
Xom
The Shining One


Innate Abilities, Weirdness & Mutations

You passively map the area around you.
You are easily found by Zot.
You glow in the dark.
You regain HP and MP as you explore.
Your body sometimes deteriorates upon taking damage.
You are strong-willed. (Will+)


Message History

The death yak gores you.
You hit the death yak.
The death yak looks as sick as possible!
The death yak is heavily wounded.
The death yak gores you!
Casting: Freeze (safe; 0% risk of failure)
Confirm with . or Enter, or press ? or * to list all spells.
You can't see any susceptible monsters within range! (Use Z to cast anyway.) Unknown command.
You hit the death yak but do no damage.
The death yak is heavily wounded.
The death yak snorts and paws the ground.
The death yak gores you!
Casting: Freeze (safe; 0% risk of failure)
Confirm with . or Enter, or press ? or * to list all spells.
Casting: Hailstorm (mildly dangerous; 1% risk of failure)
Press: ? - help, Dir - look around, f - activate A cannonade of hail descends around you!
The hail pelts the death yak!
The death yak is heavily wounded.
The death yak misses you.
Unknown command.
Casting: Hailstorm (mildly dangerous; 1% risk of failure)
Confirm with . or Enter, or press ? or * to list all spells.
Casting: Hailstorm (mildly dangerous; 1% risk of failure)
Press: ? - help, Dir - look around, f - activate A cannonade of hail descends around you!
The hail pelts the death yak!
The death yak is severely wounded.
The death yak gores you.
Unknown command.
You hit the death yak but do no damage.
The death yak is poisoned.
The death yak is severely wounded.
The death yak gores you!!
* * * LOW HITPOINT WARNING * * *
The death yak misses you.
You feel better. The death yak gores you.
* * * LOW HITPOINT WARNING * * *
The death yak gores you!
You die...

####...........,
* #.............
#.....[......#
##...........#*
#......$......
##...........# *
#.............
##.^..YY.......
#......@.......
##.............
##############


You could see 2 death yaks.

Vanquished Creatures
  The ghost of lotum the Cleaver, a journeyman DsAK of Lugonu (Lair:3)
  Snorg (Lair:4)
  A death yak (Lair:4)
  Pikel (D:8)
  8 cane toads
  A black mamba (Lair:1)
  8 komodo dragons
  Psyche (D:8)
  A polar bear (Lair:4)
  3 wyverns
  18 yaks
  A basilisk (Lair:1)
  2 steam dragons (D:8)
  4 water moccasins
  An orc warrior (D:8)
  An ice beast (D:8)
  2 centaurs
  An ogre (D:3)
  2 lemures (D:8)
  A phantom (D:7)
  6 bullfrogs
  A water moccasin zombie (Ossuary)
  2 scorpions
  5 killer bees (D:8)
  An electric eel (Lair:3)
  3 howler monkeys (D:7)
  3 centaur zombies (Ossuary)
  2 bullfrog zombies (Ossuary)
  A human zombie (Ossuary)
  A hound (D:4)
  4 orc priests
  2 iguanas
  4 orc wizards
  An ogre zombie (Ossuary)
  A mummy (Ossuary)
  4 gnolls (D:4)
  2 adders
  A shadow imp (D:8)
  An adder zombie (Ossuary)
  A dart slug (D:4)
  16 orcs
  3 ball pythons
  4 endoplasms (D:3)
  4 giant cockroaches
  2 gnoll zombies (Ossuary)
  2 goblins
  3 hobgoblins
  8 jackals
  4 bats
  2 frilled lizards (D:3)
  5 goblin zombies (Ossuary)
  4 hobgoblin zombies (Ossuary)
  4 kobolds
  5 orc zombies (Ossuary)
  3 rats
174 creatures vanquished.

Vanquished Creatures (others)
  An orc (D:7)
  10 fungi
  5 plants
16 creatures vanquished.

Grand Total: 190 creatures vanquished

Notes
Turn   | Place    | Note
-------+----------+-------------------------------------------
     0 | D:1      | hawla the Meteoran Ice Elementalist began the quest for the
                  | Orb.
     0 | D:1      | Reached XP level 1. HP: 14/14 MP: 5/5
    40 | D:2      | Reached XP level 2. HP: 15/20 MP: 3/6
    64 | D:2      | Found a snail-covered altar of Cheibriados.
    77 | D:2      | Reached skill level 5 in Ice Magic
    77 | D:2      | Reached XP level 3. HP: 17/26 MP: 2/8
   132 | D:2      | Learned a level 3 spell: Frozen Ramparts
   164 | D:3      | Noticed an ogre
   170 | D:3      | Killed an ogre
   171 | D:3      | Reached XP level 4. HP: 34/34 MP: 0/11
   171 | D:3      | Reached XP level 5. HP: 39/39 MP: 0/12
   176 | D:3      | Learned a level 4 spell: Hailstorm
   183 | D:3      | Found a faded altar of an unknown god.
   278 | D:3      | Reached skill level 1 in Conjurations
   383 | D:3      | Reached XP level 6. HP: 32/46 MP: 3/13
   717 | D:4      | Reached skill level 5 in Conjurations
   717 | D:4      | Reached XP level 7. HP: 26/51 MP: 3/14
   748 | D:4      | Reached skill level 1 in Staves
   750 | D:4      | Found an ancient bone altar of Kikubaaqudgha.
   779 | D:4      | You fall into a shaft and drop 3 floors!
   780 | D:7      | Noticed a wyvern
   787 | D:7      | Killed a wyvern
   788 | D:7      | Reached skill level 6 in Ice Magic
   811 | D:7      | Found an opulent altar of Gozag.
   839 | D:7      | Reached skill level 1 in Poison Magic
   839 | D:7      | Reached skill level 1 in Evocations
   877 | D:7      | Reached XP level 8. HP: 30/58 MP: 16/16
   880 | D:7      | Reached skill level 5 in Spellcasting
   942 | D:7      | Reached skill level 1 in Fighting
   962 | D:7      | Learned a level 5 spell: Freezing Cloud
  1004 | D:7      | Reached skill level 1 in Air Magic
  1033 | D:7      | Found a sand-covered staircase.
  1104 | Ossuary  | Entered an ossuary
  1107 | Ossuary  | Gained mutation: Your body sometimes deteriorates upon
                  | taking damage. [potion of mutation]
  1107 | Ossuary  | Gained mutation: You are strong-willed. (Will+) [potion of
                  | mutation]
  1234 | Ossuary  | Gained mutation: You passively map the area around you.
                  | [Meteoran growth]
  1234 | Ossuary  | Reached XP level 9. HP: 25/64 MP: 19/19
  1247 | Ossuary  | Reached skill level 5 in Air Magic
  1463 | Ossuary  | Noticed a silent spectre
  1545 | D:7      | Found a staircase to the Ecumenical Temple.
  1557 | Temple   | Entered the Ecumenical Temple
  1717 | D:7      | Found a stormy altar of Qazlal.
  1797 | D:8      | Noticed Pikel
  1807 | D:8      | Killed Pikel
  1808 | D:8      | Reached skill level 7 in Ice Magic
  1834 | D:8      | Reached XP level 10. HP: 21/73 MP: 16/21
  2178 | D:8      | Noticed Psyche
  2182 | D:8      | Killed Psyche
  2183 | D:8      | Reached skill level 8 in Ice Magic
  2192 | D:8      | Found a staircase to the Lair.
  2206 | D:8      | Learned a level 4 spell: Airstrike
  2214 | D:8      | Learned a level 7 spell: Ozocubu's Refrigeration
  2215 | Lair:1   | Entered Level 1 of the Lair of Beasts
  2215 | Lair:1   | Noticed a cane toad
  2222 | Lair:1   | Killed a cane toad
  2228 | Lair:1   | Reached skill level 9 in Ice Magic
  2271 | Lair:1   | Reached skill level 10 in Ice Magic
  2338 | Lair:1   | Noticed a komodo dragon
  2340 | Lair:1   | Noticed a komodo dragon
  2343 | Lair:1   | Killed a komodo dragon
  2349 | Lair:1   | Killed a komodo dragon
  2350 | Lair:1   | Reached XP level 11. HP: 81/81 MP: 7/24
  2362 | Lair:1   | Noticed a black mamba
  2367 | Lair:1   | Killed a black mamba
  2368 | Lair:1   | Reached skill level 11 in Ice Magic
  2400 | Lair:1   | Reached skill level 12 in Ice Magic
  2624 | Lair:3   | Reached skill level 13 in Ice Magic
  2820 | Lair:3   | Reached skill level 14 in Ice Magic
  2841 | Lair:3   | Reached XP level 12. HP: 61/88 MP: 12/25
  2913 | Lair:3   | Found a runed translucent door.
  2914 | Lair:3   | Noticed lotum's ghost (journeyman DsAK)
  2935 | Lair:3   | Killed lotum's ghost
  2936 | Lair:3   | Reached skill level 15 in Ice Magic
  3292 | Lair:4   | Noticed Snorg
  3296 | Lair:4   | Killed Snorg
  3367 | Lair:4   | Noticed a death yak
  3367 | Lair:4   | Noticed a death yak
  3369 | Lair:4   | Noticed a death yak
  3380 | Lair:4   | Killed a death yak
  3405 | Lair:4   | Slain by a death yak

Illustrated notes

Levels and vault maps discovered:
D:1:      beargit_arrival_greenhouse, layout_basic
D:2:      layout_basic, basic_altar
D:3:      minmay_general_purpose_star, layout_rooms,
          hellmonk_ecumenical_altar_run_dry, minmay_fractal_squares_diagonal_5
D:4:      cheibrodos_old_hovel, layout_cave_pods, mainiacjoe_overflow_brackets,
          roderic_malta_cross, minmay_misc_feat_cross, uniq_crazy_yiuf_cottage,
          uniq_duvessa, uniq_robin
D:7:      layout_rooms, nicolae_gozag_seed_capital,
          mainiacjoe_overflow_small_starburst, grunt_qazlal_clouds,
          temple_fountains, lightli_ossuary_entry_decrepit_ruins
D:8:      layout_loops_ring, lair_entry_dummy,
          nicolae_concentric_dashed_squares_wild, uniq_pikel, uniq_psyche
Temple:   hellmonk_temple_flake
Lair:1:   layout_misc_corridors, basic_altar
Lair:2:   layout_loops_ring, dummy_spider_entry, grunt_megastairs_3,
          infiniplex_staircase_pool_2
Lair:3:   layout_roguey, minmay_shoals_entry_hut, ebering_ghost_reflecting_pool
Lair:4:   statuecave_lemuel, layout_hall_layers, grunt_megastairs_2, uniq_urug,
          uniq_snorg

Skill      XL: |  1  2  3  4  5  6  7  8  9 10 11 12 |
---------------+-------------------------------------+-----
Ice Magic      | 5 6 7 10 14 15 | 15.5
Spellcasting   | 4 6 7 8 9 |  9.3
Conjurations   | 2 5 6 7 |  7.2
Staves         | 1 3 4 |  4.5
Dodging        | 3 4 |  4.8
Poison Magic   | 2 |  2.0
Evocations     | 2 |  2.0
Fighting       | 1 2 |  2.9
Air Magic      | 4 6 7 |  7.3
Stealth        | |  1.4

Action                   |  1- 3 |  4- 6 |  7- 9 | 10-12 || total
-------------------------+-------+-------+-------+-------++-------
Melee: Unarmed           |     7 |     2 |       |       ||     9
       Quarterstaff      |       |       |    79 |    83 ||   162
 Cast: Freeze            |    26 |    31 |    13 |     5 ||    75
       Frozen Ramparts   |     2 |     9 |     9 |    24 ||    44
       Hailstorm         |       |       |     8 |    14 ||    22
       Freezing Cloud    |       |       |     2 |    28 ||    30
       Airstrike         |       |       |       |    10 ||    10
       Ozocubu's Refrige |       |       |       |     9 ||     9
  Use: Scroll            |       |     4 |     4 |     8 ||    16
       Potion            |       |       |     8 |     3 ||    11
Armor: Robe              |    10 |     7 |    29 |       ||    46
       Skin              |       |       |     7 |       ||     7
       Steam dragon scal |       |       |       |    13 ||    13
Dodge: Dodged            |    18 |    13 |    85 |    62 ||   178
